Cogmind - Beta 17 @@@ ROGUE MODE // 2026.07.16 @ 00:10:08 Player: Thanatos Result: Destroyed by S-27 Virus with Autogun Performance ------------- Evolutions (1) 500 Regions Visited (6) 1200 Robots Destroyed (23) 115 Value Destroyed (519) 519 Prototype IDs (0) 0 Alien Tech Used (0) 0 Bonus (0) 0 TOTAL SCORE: 2334 Bonus ------- None Cogmind --------- Core Integrity 0/400 Matter 270/300 Energy 100/100 System Corruption 1% Temperature Cool (0) Movement Core (350) Ox6 Location -6/Proximity Caves Parts ------- > --- POWER (1) -------- (None) > --- PROPULSION (4) --- (None) > --- UTILITY (2) ------ Large Storage Unit > --- WEAPON (2) ------- (None) > --- INVENTORY (15) --- Light Ion Engine Light Ion Engine Improved Heat Sink Medium Storage Unit Large Storage Unit Huge Storage Unit Medium Matter Pod (100) Terrain Scan Processor Light Armor Plating Light Armor Plating Hacking Drone Bay Assault Rifle Assault Rifle Light Assault Rifle Heavy Assault Rifle Peak State ------------ > --- POWER ------------ Ion Engine > --- PROPULSION ------- Aluminum Leg Aluminum Leg Aluminum Leg Aluminum Leg > --- UTILITY ---------- Large Storage Unit Improved Terrain Scanner > --- WEAPON ----------- Beam Rifle Heavy Assault Rifle > --- INVENTORY -------- Ion Engine Light Ion Engine Improved Heat Sink Medium Storage Unit Large Storage Unit Huge Storage Unit Light Armor Plating Assault Rifle Assault Rifle Light Assault Rifle [Rating: 14] Favorites ----------- Power Ion Engine Engine Ion Engine Propulsion Aluminum Leg Leg Aluminum Leg Utility Large Storage Unit Device Improved Terrain Scanner Storage Large Storage Unit Weapon Assault Rifle Energy Gun Beam Rifle Ballistic Gun Assault Rifle Launcher Rocket Launcher Impact Weapon Hammer Build | -11 -10 -10 -9 -9 -7 -6 ------- Run | Yrd Mat Min Mat Min Zio Pro Slots Evolved 2 | . . . 2 . . . Power . | . . . . . . . Propulsion 2 | . . . 2 . . . Utility . | . . . . . . . Weapon . | . . . . . . . Parts Attached 20 | 6 1 6 5 1 . 1 Power 3 | 1 . 1 1 . . . Engine 3 | 1 . 1 1 . . . Core . | . . . . . . . Reactor . | . . . . . . . Propulsion 5 | 2 . 1 2 . . . Treads . | . . . . . . . Leg 5 | 2 . 1 2 . . . Wheel . | . . . . . . . Hover . | . . . . . . . Flight . | . . . . . . . Utility 5 | 1 1 3 . . . . Device 2 | 1 . 1 . . . . Storage 3 | . 1 2 . . . . Processor . | . . . . . . . Hackware . | . . . . . . . Protection . | . . . . . . . Artifact . | . . . . . . . Weapon 7 | 2 . 1 2 1 . 1 Energy Gun 1 | . . . 1 . . . Energy Cannon . | . . . . . . . Ballistic Gun 4 | 2 . 1 1 . . . Ballistic Cannon . | . . . . . . . Launcher 1 | . . . . 1 . . Special Weapon . | . . . . . . . Impact Weapon 1 | . . . . . . 1 Slashing Weapon . | . . . . . . . Piercing Weapon . | . . . . . . . Special Melee Weapon . | . . . . . . . Unidentified Prototypes . | . . . . . . . Parts Lost 13 | . . 1 7 . . 5 Power 2 | . . . 1 . . 1 Propulsion 5 | . . . 4 . . 1 Utility 2 | . . 1 . . . 1 Weapon 4 | . . . 2 . . 2 Highest Loss Streak 5 | . . 1 3 . . 5 To Critical Strikes . | . . . . . . . Average Backups 12 | 2 4 8 11 13 14 15 Power 1 | . . 1 2 2 2 2 Propulsion . | 1 1 2 . . . . Utility 6 | . 2 3 6 7 8 9 Weapon 3 | . 1 1 3 3 4 4 Tool/Special . | . . . . . . . Unused Backups 12 | 2 1 . . . . 9 Power 1 | . . . . . . 1 Propulsion 2 | 2 . . . . . . Utility 7 | . . . . . . 7 Weapon 2 | . 1 . . . . 1 Tool/Special . | . . . . . . . Average Slot Usage (%) 72 | . 96 98 81 64 66 62 Engine 11 | . 14 14 10 11 11 9 Leg 16 | . 28 28 26 11 11 10 Device 11 | . 14 12 11 11 11 10 Storage 11 | . 10 14 11 11 11 11 Energy Gun 1 | . . . 5 . . . Ballistic Gun 14 | . 28 28 16 11 11 2 Launcher 6 | . . . . 9 11 10 Peak Build Rating 14 | 6 7 10 14 10 11 11 Average Rating 9 | 4 6 8 11 9 10 10 On Entrance 7 | . 6 7 10 8 10 11 Avg Prop Armor Cover (%) . | . . . . . . . Naked Turns . | . . . . . . . Heaviest Build 89 | 8 28 89 32 32 32 32 Greatest Support 40 | 20 20 20 40 10 10 10 Greatest Overweight (x) 6 | . 1 4 3 3 3 6 Average Overweight (x) 1 | . . 1 . 2 3 3 Largest Inventory Capacity 25 | 5 15 25 25 15 15 15 Average Capacity 14 | 5 12 17 15 15 15 15 Most Carried 15 | 5 7 9 14 14 15 15 Average Carried 12 | 2 5 8 11 13 14 15 Final Capacity 15 | 5 15 15 15 15 15 15 Final Carried 15 | 3 7 9 12 14 15 15 Class Distribution -------------------- 75% | Mutant 24% | Scavenger-Mutant Dominant Class ---------------- Mutant | -10/Materials Scavenger-Mutant | -10/Mines Scavenger-Mutant | -9/Materials Mutant | -9/Mines Mutant | -7/Zion Mutant | -6/Proximity Caves Resources | -11 -10 -10 -9 -9 -7 -6 ----------- Run | Yrd Mat Min Mat Min Zio Pro Matter Collected 742 | 302 46 109 285 . . . Remotely . | . . . . . . . Salvage Created 716 | 71 114 77 430 . . 24 Parts 59 | 7 7 7 37 . . 1 Haulers Intercepted . | . . . . . . . Recyclers Shooed . | . . . . . . . Parts Field Recycled . | . . . . . . . Retrieved Matter . | . . . . . . . Parts Self-Destructed . | . . . . . . . Prevented . | . . . . . . . Parts Restored . | . . . . . . . Kills | -11 -10 -10 -9 -9 -7 -6 ------- Run | Yrd Mat Min Mat Min Zio Pro Combat Hostiles Destroyed 20 | 1 2 3 13 . . 1 Melee 1 | . . . . . . 1 Guns 19 | 1 2 3 13 . . . Classes Destroyed 6 | 2 2 . 2 . . . Tunneler 1 | 1 . . . . . . Recycler 1 | . 1 . . . . . Watcher 1 | . . . 1 . . . Swarmer 11 | . 1 2 7 . . 1 Grunt 5 | 1 1 1 2 . . . Sentry 4 | . . . 4 . . . Best Kill Streak 7 | 2 2 2 7 . . 1 Combat Bots Only 7 | 1 1 2 7 . . 1 Max Kills in Single Turn 2 | 2 1 1 2 . . 1 Gunslinging . | . . . . . . . Exploded . | . . . . . . . Melee 1 | . . . . . . 1 Uniques/NPCs Destroyed . | . . . . . . . Combat | -11 -10 -10 -9 -9 -7 -6 -------- Run | Yrd Mat Min Mat Min Zio Pro Hostile Shots Fired 174 | 12 12 29 79 . . 42 Missed 38 | 4 1 8 18 . . 7 Hits 136 | 8 11 21 61 . . 35 Projectile 136 | 8 11 21 61 . . 35 Critical Strikes 3 | . . . 2 . . 1 Damage Taken 1626 | 84 95 240 664 . . 543 Core 525 | 31 22 55 154 . . 263 Absorbed by Shields . | . . . . . . . Core Remaining (%) 71 | 87 . 56 . . . . Volleys Fired 63 | 7 6 11 31 7 . 1 Largest 2 | 2 2 2 2 1 . 1 Hottest 79 | 40 40 40 79 20 . 33 Shots Fired 118 | 14 12 22 62 7 . 1 Gun 117 | 14 12 22 62 7 . . Cannon . | . . . . . . . Launcher 1 | . . . . . . 1 Special . | . . . . . . . Kinetic 97 | 14 12 22 42 7 . . Thermal 20 | . . . 20 . . . Explosive 1 | . . . . . . 1 Electromagnetic . | . . . . . . . Robot Hit Streak 15 | 2 6 7 12 15 . . Robot Miss Streak 4 | 2 1 3 4 3 . . Penetration Max . | . . . . . . . Secondary Targets 3 | . . 1 2 . . . Max Gunslinging Chain 1 | . . 1 1 . . . Shots Hit Robots 70 | 7 9 11 37 4 . 2 Core Hits 35 | 3 5 7 19 . . 1 Critical Kills . | . . . . . . . Critical Parts Destroyed . | . . . . . . . Critical Strikes . | . . . . . . . Melee Attacks 2 | . . . . . . 2 Impact 2 | . . . . . . 2 Slashing . | . . . . . . . Piercing . | . . . . . . . Sneak Attacks . | . . . . . . . Combat Hostiles . | . . . . . . . Follow-up Attacks . | . . . . . . . Damage Inflicted 1054 | 103 119 145 573 56 . 58 Guns 990 | 103 119 145 571 52 . . Cannons . | . . . . . . . Explosions . | . . . . . . . Melee 58 | . . . . . . 58 Ramming 6 | . . . 2 4 . . Kinetic 831 | 103 119 145 412 52 . . Thermal 159 | . . . 159 . . . Explosive . | . . . . . . . Electromagnetic . | . . . . . . . Impact 58 | . . . . . . 58 Slashing . | . . . . . . . Piercing . | . . . . . . . Highest Corruption 1 | . . . 1 1 1 1 Average Corruption 1 | . . . 1 1 1 1 Corruption Purged . | . . . . . . . Corruption Blocked . | . . . . . . . Effects 14 | . . . 1 10 3 . Message Errors 3 | . . . . 2 1 . Matter Fused 2 | . . . . 1 1 . Heat Flow Errors 1 | . . . 1 . . . Energy Discharges 3 | . . . . 3 . . Data Loss (minor) 2 | . . . . 2 . . Data Loss (major) 1 | . . . . 1 . . Alerts 2 | . . . . 1 1 . Overload Shots . | . . . . . . . Overflow Damage . | . . . . . . . Projectiles . | . . . . . . . Explosions . | . . . . . . . Melee . | . . . . . . . Knockbacks . | . . . . . . . Impact . | . . . . . . . Kinetic . | . . . . . . . Secondary . | . . . . . . . Self-Inflicted Damage . | . . . . . . . Shots . | . . . . . . . Rammed 1 | . . . . . . 1 Targets Rammed 5 | . . . 1 3 . 1 Kicked 4 | . . . 1 3 . . Crushed . | . . . . . . . Highest Temperature 87 | 12 . 4 87 . . . Average Temperature 21 | 7 . 2 24 . . . Received Heat Transfer 366 | 48 30 93 195 . . . Siege Activations . | . . . . . . . Martial Activations . | . . . . . . . Shielding Activations . | . . . . . . . Robots Disrupted . | . . . . . . . Combat Hostiles . | . . . . . . . Robots Corrupted . | . . . . . . . Combat Hostiles . | . . . . . . . Parts Fried . | . . . . . . . Impact Corruptions . | . . . . . . . Robots Melted . | . . . . . . . Combat Hostiles . | . . . . . . . Parts Melted . | . . . . . . . Heat Transferred 407 | . . . 407 . . . Parts Sabotaged . | . . . . . . . Parts Stolen . | . . . . . . . Parts Stripped . | . . . . . . . Power Chain Reactions . | . . . . . . . Alert | -11 -10 -10 -9 -9 -7 -6 ------- Run | Yrd Mat Min Mat Min Zio Pro Maximum Alert Level . | . . . . . . . Low Security (%) 100 | 100 100 100 100 100 . . Level 1 . | . . . . . . . Level 2 . | . . . . . . . Level 3 . | . . . . . . . Level 4 . | . . . . . . . Level 5 . | . . . . . . . High Security . | . . . . . . . Max Security . | . . . . . . . Peak Influence 130 | 25 30 50 130 7 . . Initial 11 | . 9 9 11 7 . . Average 14 | 5 7 10 55 . . . Influence Increases 509 | 25 55 80 329 . . 20 Destroy 0b10 Robot/C 400 | 20 40 60 260 . . 20 Destroy 0b10 Robot/NC 15 | 5 5 . 5 . . . Destroy Leader 92 | . 10 20 62 . . . Successful Hack 2 | . . . 2 . . . Influence Decreases 499 | 10 45 75 339 20 . 10 Entered New Map 54 | . 6 16 19 13 . . Time Decay 365 | 10 39 59 250 7 . . Lost Part 80 | . . . 70 . . 10 Squads Dispatched 2 | . 1 . 1 . . . Investigation 2 | . 1 . 1 . . . Extermination . | . . . . . . . Reinforcement . | . . . . . . . Assault . | . . . . . . . Garrison . | . . . . . . . Intercept . | . . . . . . . Searches Triggered . | . . . . . . . Construction Impeded . | . . . . . . . Haulers Reinforced . | . . . . . . . Active Scanning Responses . | . . . . . . . Cargo Convoy Interrupts . | . . . . . . . Stealth | -11 -10 -10 -9 -9 -7 -6 --------- Run | Yrd Mat Min Mat Min Zio Pro Distress Signals 1 | . 1 . . . . . Communications Jammed . | . . . . . . . Distress Signals . | . . . . . . . Times Spotted 28 | 1 3 5 15 . . 4 Peak Tracking Total 4 | 1 2 3 4 . . 4 Tactical Retreats . | . . . . . . . Traps | -11 -10 -10 -9 -9 -7 -6 ------- Run | Yrd Mat Min Mat Min Zio Pro Traps Triggered 2 | . 1 . 1 . . . Indirectly . | . . . . . . . Trap Hack Attempts . | . . . . . . . Triggered . | . . . . . . . Disarmed . | . . . . . . . Reprogrammed . | . . . . . . . Reused . | . . . . . . . Traps Extracted . | . . . . . . . Installed . | . . . . . . . Triggered . | . . . . . . . Machines | -11 -10 -10 -9 -9 -7 -6 ---------- Run | Yrd Mat Min Mat Min Zio Pro Machines Disabled . | . . . . . . . Max in Single Turn . | . . . . . . . Machines Repaired . | . . . . . . . Machines Dismantled . | . . . . . . . Machines Sabotaged . | . . . . . . . Overloaded Fab Kills . | . . . . . . . Hacking | -11 -10 -10 -9 -9 -7 -6 --------- Run | Yrd Mat Min Mat Min Zio Pro Machines Accessed 2 | . . . 2 . . . Terminals 2 | . . . 2 . . . Fabricators . | . . . . . . . Repair Stations . | . . . . . . . Recycling Units . | . . . . . . . Scanalyzers . | . . . . . . . Garrison Access . | . . . . . . . Total Hacks 7 | . . . 7 . . . Successful 5 | . . . 5 . . . Failed 2 | . . . 2 . . . Catastrophic . | . . . . . . . Database Lockouts . | . . . . . . . Manual . | . . . . . . . Terminals 7 | . . . 7 . . . Fabricators . | . . . . . . . Repair Stations . | . . . . . . . Recycling Units . | . . . . . . . Scanalyzers . | . . . . . . . Garrison Access . | . . . . . . . Terminal Hacks 5 | . . . 5 . . . Record 3 | . . . 3 . . . Alert Level 2 | . . . 2 . . . Fabricator Hacks . | . . . . . . . Repair Station Hacks . | . . . . . . . Recycling Unit Hacks . | . . . . . . . Scanalyzer . | . . . . . . . Garrison Access Hacks . | . . . . . . . Unauthorized Hacks . | . . . . . . . Terminals . | . . . . . . . Fabricators . | . . . . . . . Repair Stations . | . . . . . . . Recycling Units . | . . . . . . . Scanalyzers . | . . . . . . . Garrison Access . | . . . . . . . Data Cores Recovered . | . . . . . . . Used . | . . . . . . . Hacking Detections 2 | . . . 2 . . . Full Trace Events 2 | . . . 2 . . . Feedback Events 1 | . . . 1 . . . Corruption 1 | . . . 1 . . . Feedback Blocked . | . . . . . . . Robot Schematics Acquired 3 | . . . . . 3 . Robots Built . | . . . . . . . Authchips . | . . . . . . . Time . | . . . . . . . Total Robot Build Rating . | . . . . . . . Part Schematics Acquired 14 | . . . . . 14 . Parts Built . | . . . . . . . Authchips . | . . . . . . . Time . | . . . . . . . Total Part Build Rating . | . . . . . . . Part Studies Acquired . | . . . . . . . Parts Repaired . | . . . . . . . Time . | . . . . . . . Parts Recycled . | . . . . . . . Recycled Matter . | . . . . . . . Retrieved Matter . | . . . . . . . Retrieved Components . | . . . . . . . Parts Scanalyzed . | . . . . . . . Part Schematics Acquired . | . . . . . . . Parts Damaged . | . . . . . . . Bothacking | -11 -10 -10 -9 -9 -7 -6 ------------ Run | Yrd Mat Min Mat Min Zio Pro Used RIF Installer . | . . . . . . . Robots Hacked . | . . . . . . . Non-combat . | . . . . . . . Combat . | . . . . . . . Robot Hacks Applied . | . . . . . . . Relay Couplers Released . | . . . . . . . Fabnet Peak Effective % . | . . . . . . . Robots Rewired . | . . . . . . . Allies Hacked . | . . . . . . . Hacks Repelled . | . . . . . . . Allies | -11 -10 -10 -9 -9 -7 -6 -------- Run | Yrd Mat Min Mat Min Zio Pro Total Allies . | . . . . . . . Largest Group . | . . . . . . . Highest-Rated Group . | . . . . . . . Highest-Rated Ally . | . . . . . . . Total Orders . | . . . . . . . Ally Attacks . | . . . . . . . Total Damage . | . . . . . . . Kills . | . . . . . . . Allies Corrupted . | . . . . . . . Allies Melted . | . . . . . . . Intel | -11 -10 -10 -9 -9 -7 -6 ------- Run | Yrd Mat Min Mat Min Zio Pro Active Infowar (turns) 2912 | 14 177 234 563 1295 470 159 Terrain 2669 | . . 182 563 1295 470 159 Seismic 243 | 14 177 52 . . . . Robot Analysis Total . | . . . . . . . Derelict Logs Recovered 2 | . . . . 1 . 1 Drone Launches . | . . . . . . . Drone Recoveries . | . . . . . . . Exploration | -11 -10 -10 -9 -9 -7 -6 ------------- Run | Yrd Mat Min Mat Min Zio Pro Turns Passed 3075 | 136 177 265 563 1295 470 169 Spaces Moved 1131 | 98 91 103 251 397 143 48 Core 31 | 30 . . . . . 1 Treads . | . . . . . . . Legs 1100 | 68 91 103 251 397 143 47 Wheels . | . . . . . . . Hover . | . . . . . . . Flight . | . . . . . . . Fastest Speed 50 | 50 120 190 120 260 330 260 Average Speed 249 | 98 168 216 179 319 330 327 Slowest Speed 400 | 120 190 400 330 330 330 350 Overloaded Moves . | . . . . . . . Propulsion Burnouts . | . . . . . . . Robots Hopped . | . . . . . . . Potential Cave-ins . | . . . . . . . Cave-ins Triggered . | . . . . . . . Exploration Rate (%) 19 | 7 12 29 15 63 9 4 Regions Visited 6 Branch Regions 4 Pre-discovered Areas 1 | . . . . 1 . . Known Exits Taken . | . . . . . . . Unknown Exits Taken 6 | 1 1 1 1 1 1 . Scrap Searched 2 | . . 2 . . . . Spaces Dug . | . . . . . . . Terrain Destroyed 13 | . . . . . . 13 Melee . | . . . . . . . Projectile . | . . . . . . . AOE 13 | . . . . . . 13 Terrain Rammed . | . . . . . . . Walls Destroyed . | . . . . . . . Machines Disabled . | . . . . . . . Actions | -11 -10 -10 -9 -9 -7 -6 --------- Run | Yrd Mat Min Mat Min Zio Pro Total 1256 | 125 104 122 299 410 143 53 Wait . | . . . . . . . Move 1125 | 97 90 102 250 396 142 48 Hop . | . . . . . . . Pick Up 33 | 12 6 3 8 3 1 . Fast Attach . | . . . . . . . Attach 14 | 6 1 1 5 1 . . Detach . | . . . . . . . Swap 10 | . . 5 4 . . 1 Drop 4 | 3 1 . . . . . Fire 63 | 7 6 11 31 7 . 1 Melee 2 | . . . . . . 2 Ram 1 | . . . . . . 1 Kick 4 | . . . 1 3 . . Crush . | . . . . . . . Escape Stasis . | . . . . . . . Rewire . | . . . . . . . Trap . | . . . . . . . Miscellaneous . | . . . . . . . Route ------- -11/Scrapyard -10/Materials -10/Mines -9/Materials -9/Mines (discovered 2 exits: [*Mat] / [*Zio]) -7/Zion -6/Proximity Caves (discovered 1 exit: Fac) History --------- Turn | Location | Event 2 | -11/Scrapyard | Met Revision 17 76 | -11/Scrapyard | Discovered new exit (range 8) 137 | -11/Scrapyard | Entered Materials 153 | -10/Materials | Discovered new exit (range 16) 313 | -10/Materials | Build established: Mutant 314 | -10/Materials | Entered Mines 530 | -10/Mines | Discovered new exit (range 7) 579 | -10/Mines | Entered Materials 579 | -9/Materials | Evolved 2 slots: Propulsion x2 702 | -9/Materials | Build established: Scavenger-Mutant 748 | -9/Materials | Discovered new exit (range 14) 797 | -9/Materials | Destroyed 7 combat bots 804 | -9/Materials | Lost 3 parts (1p2n) 1142 | -9/Materials | Entered Mines 1226 | -9/Mines | Learned location of Zion (-7) 1449 | -9/Mines | Build established: Mutant 2070 | -9/Mines | Discovered new exit (range 7) 2434 | -9/Mines | A Derelict revealed a hidden shortcut to a safe place 2437 | -9/Mines | Entered Zion 2507 | -7/Zion | Given the Hacking Drone Bay 2540 | -7/Zion | Found Prototype Device 2749 | -7/Zion | Discovered new exit (range 15) 2907 | -7/Zion | Entered Proximity Caves 2965 | -6/Proximity Caves | Identified exit to Factory 3063 | -6/Proximity Caves | Core integrity fell below 50% 3072 | -6/Proximity Caves | Core integrity fell below 20% 3076 | -6/Proximity Caves | Destroyed by S-27 Virus with Autogun Last Messages --------------- Excavator. 02765_ Extracted schematic archive: Enh. Optical Array. 02768_ Extracted schematic archive: Chainsword. 02784_ 7R-DN2(z) emerges from the cave. LOCATION=UNKNOWN GOAL=ESCAPE Bump into an enemy to attack with the active melee weapon. Even while active, melee weapons do not fire together with ranged weapons in the same volley. 02965_ Acquired derelict log, extracted data. Loading 1 Proximity Caves exit... 03058_ Ion Engine destroyed. 03060_ Rocket Launcher destroyed. 03066_ Imp. Terrain Scanner destroyed. 03066_ Aluminum Leg destroyed. 03067_ S-27 Virus destroyed. 03069_ Hammer destroyed. 03074_ Slammed into S-27 Virus. Map ----- +----------------------------------------------------+ | ?????????????????????????????????????????????????? | | ?????????????????????????????????????????????????? | | ?????????????????????????????????????????????????? | | ?????????????????????????????????????????????????? | | ?????????????????????????????????????????????????? | | ?????????????????????????????????????????????????? | | ?????????????????????????????????????????????????? | | ?????????????????????????????????????????????????? | | ?????????????????????????????????????????????????? | | ?????????????????????????????????????????????????? | | ?????????????????? ??????????????????????????????? | | ??????????????????? #????????????????????????????? | | ??????????????? ?? ???#??????????????????????????? | | ???????????????#?????????? ??????????????????????? | | ????????????? ???????#???????????????????????????? | | ??????????#???#????????##????????????????????????? | | ?????????#??????????####?????????????????????????? | | ?????????????? ????? #?#???#??#?????????????????? | | ?????????? ????????? #?????###????? #???????????? | | ???#?????????#??????# #???? ##?## #???????????? | | ?????? ???#???#????# #??#? # #???????????? | | ????????????#???##### #???? ??????????? | | ?????? ????????## ##### ????????????? | | ?????????#?????# s ??????????????? | | ????? ??????#?# %ss #?#?????????????????? | | #????? ??#????## = @ ##???????????????????? | | ??????????????# ### ##????????????????????? | | ??????????????# ##?# ##???????????#?????????? | | ?????? ???##### ##??# #?#????????????????????? | | ?????? ? ## ## ##???# #??##????#?????????????? | | ????????## ##?#### #????????#?????????????? | | ?????????# #?## #??#???????????????????? | | ???????#?##### ##?# #??#?????????? ????????? | | ??????????##?####??# ##?????????????????????? | | ?#?????????????#???### ?? ????? ???????????? | | ?????????????#?#?????## #####???????????????????? | | ??????##?????#???????## ##??#????????????????????? | | ???????????#??????????###?#??????????????????????? | | ????????????#???#????#??#????????????????????????? | | ???????????#????#??#??#???#??????????????????????? | | ?????#???????????????????????????????????????????? | | ????????????#????????????????????????????????????? | | ??????????????????????#?#????????????????????????? | | ??????#???????#??????????????????????????????????? | | ?????????????????????????????????????????????????? | | ?????????????????????????????????????????????????? | | ???????????????????????????#?????????????????????? | | ?????????????????????????????????????????????????? | | ?????????????????????????????????????????????????? | | ?????????????????????????????????????????????????? | +----------------------------------------------------+ Best States ------------- Heat Dissipation 28 Energy Generation 10 Energy Capacity 250 Matter Stores 300 Matter Capacity 300 Sight Range 16 Terrain Scan Range 16 Terrain Scan Density 10 Evasion (%) 55 Item Schematics ----------------- Fission Core | -7/Zion | Archive Imp. Salvage Targeting Computer | -7/Zion | Archive Imp. Coolant Injector | -7/Zion | Archive Transmission Jammer | -7/Zion | Archive Phase Cannon | -7/Zion | Archive Plasma Cannon | -7/Zion | Archive IFF Parser | -7/Zion | Archive Armor Integrity Analyzer | -7/Zion | Archive Magnetic Acceleration Cannon | -7/Zion | Archive Imp. EM Pulse Cannon | -7/Zion | Archive Hvy. Phase Cannon | -7/Zion | Archive Imp. System Shield | -7/Zion | Archive Enh. Optical Array | -7/Zion | Archive Chainsword | -7/Zion | Archive Robot Schematics ------------------ W-25 Informer | -7/Zion | Archive K-01 Serf | -7/Zion | Archive T-07 Excavator | -7/Zion | Archive Fabricated ------------ Nothing Repaired ---------- Nothing Studied --------- None Alien Tech Used ----------------- None Achievements -------------- None Challenges ------------ None Game ------ Seed AntisysMiningAutobeam Manual? 0 Play Time 00:17:21 Cumulative 1.8 hours Start 2026.07.15 @ 23:53:39 End 2026.07.16 @ 00:10:08 Sessions 1 Manual Loads 0 Difficulty Rogue Special Mode None Game No. 3 Rogue 3 Adventurer 0 Explorer 0 Win Type - Total 0 Types 0/0/0/0/0/0/0/0/0/0 Lore% 1 Gallery% 4 Achievement% 5 Wizard Run 0 Options --------- Layout 1 ASCII 0 Keyboard 0 Movement Arrows Keybinds 0 Fullscreen 1 Font 24/Smallcaps Map View 50x35 Zoom Use 0% Tactical HUD 1 Map Filters NONE Filters NONE Steam 1 RUN: 153f71d7-540a-4457-9dc7-2976f3bc5027